 Dungeon Crawl Stone Soup version 0.31-a0-1405-g2bb1a01664 (webtiles) character file.

Game seed: 12938403051055303989

657 bmb222 the Trooper (level 7, -4/57 HPs)
             Began as a Formicid Monk on Dec 25, 2023.
             Slain by an ogre
             ... wielding a +0 giant spiked club
              (17 damage)
             ... on level 5 of the Dungeon.
             The game lasted 00:03:35 (3713 turns).

bmb222 the Trooper (Formicid Monk)                  Turns: 3713, Time: 00:03:36

Health: -4/57      AC:  9    Str: 17    XL:     7   Next: 85%
Magic:  0/7        EV: 11    Int: 10    God:
Gold:   257        SH:  0    Dex: 16    Spells: 6/6 levels left

rFire   . . .        a - +0 mace
rCold   . . .        d - orb {light}
rNeg    . . .        i - +0 scale mail
rPois   .            (helmet unavailable)
rElec   .            u - +0 cloak
rCorr   .            (no gloves)
SInv    +            s - +0 pair of boots
Will    .....        q - amulet of guardian spirit Stlth
                     l - ring of wizardry
HPRegen 0.29/turn    (no ring)
MPRegen 0.10/turn

%: guardian spirit, wizardry (x1)
@: glowing
A: permanent stasis, dig shafts and tunnels, antennae 3, four strong arms
a: Dig, Shaft Self


You were on level 5 of the Dungeon.
You visited 2 branches of the dungeon, and saw 6 of its levels.

You collected 257 gold pieces.

Inventory:

Hand Weapons
 a - a +0 mace (weapon)
 t - a +2 whip of holy wrath
Missiles
 r - 8 poisoned darts
Armour
 b - a +0 robe
 d - an orb of light (worn)
 i - a +0 scale mail (worn)
 s - a +0 pair of boots (worn)
 u - a +0 cloak (worn)
Jewellery
 l - a ring of wizardry (left hand)
 q - an amulet of guardian spirit (around neck)
Scrolls
 e - 2 scrolls of fear {unknown}
 f - 4 scrolls of identify {unknown}
 g - a scroll of enchant armour {unknown}
 h - 2 scrolls of teleportation {unknown}
 j - a scroll of summoning {unknown}
 k - a scroll of torment {unknown}
 x - 2 scrolls of immolation {unknown}
 y - a scroll of amnesia {unknown}
Potions
 c - a potion of ambrosia
 m - a potion of heal wounds {unknown}
 n - a potion of resistance {unknown}
 o - a potion of magic {unknown}
 p - a potion of mutation {unknown}
 v - a potion of haste {unknown}
 w - a potion of enlightenment {unknown}
 z - a potion of curing {unknown}
 A - 2 potions of attraction {unknown}


   Skills:
 + Level 5.7 Fighting
 + Level 5.1 Maces & Flails
 * Level 4.7 Armour
 - Level 3.6 Dodging


You had 6 spell levels left.
You didn't know any spells.
Your spell library contained the following spells:

 Spells                   Type           Power      Damage    Failure   Level
 Brom's Barrelling Bould  Conj/Erth      0%         2d3       99%         4
 Fireball                 Conj/Fire      0%         3d3       100%        5
 Iskenderun's Battlesphe  Conj           0%         2d6       100%        5
 Conjure Ball Lightning   Conj/Air       0%         3x3d6     100%        6
 Orb of Destruction       Conj           0%         9d5       100%        7


Dungeon Overview and Level Annotations

Branches:
Dungeon (5/15)             Temple (1/1) D:4

Altars:
Ashenzari
Dithmenos
Fedhas
Gozag
Kikubaaqudgha
Okawaru
Qazlal
Ru
Trog
Uskayaw
Vehumet
Wu Jian
Xom
Zin
The Shining One

Annotations:
D:3 1 runed translucent door, BigPumpCobain's ghost, novice MfSh


Innate Abilities, Weirdness & Mutations

You cannot be hasted, slowed, berserked, paralysed or teleported.
You can dig through walls and to a lower floor.
You have a pair of large antennae on your head. (SInv)
Your four strong arms can wield two-handed weapons with a shield.


Message History

An adder is nearby!
An adder is nearby!
You hit the adder.
You kill the adder!
Key pressed, stopping explore.
No target in view!
No target in view!
You see here an adder corpse.
You now have 257 gold pieces (gained 7).
Found a stone staircase leading down.
No target in view!
There is a stone staircase leading down here.
You open the door.
There is an open door here.
You sense a monster nearby.
No target in view!
An ogre comes into view. It is wielding a +0 giant spiked club.
The ogre shouts!
An ogre is nearby!
An ogre is nearby!
You hit the ogre.
The ogre is lightly wounded.
The ogre hits you with a +0 giant spiked club!!
An ogre is nearby!
You hit the ogre but do no damage.
The ogre hits you with a +0 giant spiked club!
An ogre is nearby!
You are too injured to fight recklessly!
You are too injured to fight recklessly!
You are too injured to fight recklessly!
You hit the ogre.
The ogre is lightly wounded.
The ogre hits you with a +0 giant spiked club!!
* * * LOW HITPOINT WARNING * * *
You hit the ogre.
The ogre is moderately wounded.
You sock the ogre!
The ogre is heavily wounded.
The ogre hits you with a +0 giant spiked club!!
You die...

.. ## { {
#######+## {
#........#
#........# ##
#........## .##
####+####..........
..#
#......##..@O......
#.##
#......##..####+#..
#..###......##.##
##..##......##.#
##.##.........#
#.#####'######
##.......#
##....##..########
.'....##.>........


You could see an ogre.

Vanquished Creatures
  Grinder (D:4)
  A black bear (D:4)
  An ogre (D:4)
  2 jellies
  3 iguanas
  Natasha (twice) (D:4)
  6 adders
  5 worms
  5 bats
  4 endoplasms
  3 giant cockroaches (D:2)
  3 goblins
  8 hobgoblins
  2 jackals (D:1)
  3 quokkas
  5 ball pythons
  A frilled lizard (D:1)
  8 kobolds
  4 rats
  A spectral hobgoblin (D:1)
68 creatures vanquished.

Notes
Turn   | Place    | Note
-------+----------+-------------------------------------------
     0 | D:1      | bmb222 the Formicid Monk began the quest for the Orb.
     0 | D:1      | Reached XP level 1. HP: 18/18 MP: 1/1
   422 | D:1      | Reached XP level 2. HP: 24/24 MP: 2/2
   518 | D:1      | Found a faded altar of an unknown god.
   785 | D:1      | Reached XP level 3. HP: 26/29 MP: 3/3
  1232 | D:2      | Found a glowing golden altar of the Shining One.
  1302 | D:2      | Reached XP level 4. HP: 29/37 MP: 4/4
  1783 | D:3      | Found a runed translucent door.
  1784 | D:3      | Noticed BigPumpCobain's ghost (novice MfSh)
  1829 | D:3      | Reached XP level 5. HP: 43/43 MP: 5/5
  1939 | D:3      | Found a glowing golden altar of the Shining One.
  2216 | D:4      | Noticed Grinder
  2234 | D:3      | Reached skill level 1 in Armour
  2341 | D:4      | Killed Grinder
  2342 | D:4      | Reached skill level 5 in Fighting
  2342 | D:4      | Reached XP level 6. HP: 22/51 MP: 2/6
  2448 | D:4      | Noticed a black bear
  2455 | D:4      | Killed a black bear
  2456 | D:4      | Reached XP level 7. HP: 56/56 MP: 7/7
  2838 | D:4      | Noticed Natasha
  2845 | D:4      | Killed Natasha
  3107 | D:4      | Noticed Natasha
  3117 | D:4      | Found an ornate altar of the Wu Jian Council.
  3148 | D:4      | Found a staircase to the Ecumenical Temple.
  3170 | D:4      | Killed Natasha
  3171 | D:4      | Reached skill level 5 in Maces & Flails
  3217 | Temple   | Entered the Ecumenical Temple
  3425 | D:5      | Entered Level 5 of the Dungeon
  3713 | D:5      | Slain by an ogre

Illustrated notes

Levels and vault maps discovered:
D:1:      spicycebolla_green_bress_n_ham_2, layout_rooms,
          dreamdust_ecumenical_altar_drowned_temple, patterned_corridor
D:2:      layout_loops_cross, basic_altar, corexii_leaking_fountain,
          minmay_vboxes
D:3:      layout_rooms, mainiacjoe_overflow_tiny_flanked, serial_glass,
          glass_columns_a, glass_columns_c, minmay_strange_pillars,
          minmay_strange_pillars, ebering_ghost_reflecting_pool,
          minmay_crystal_room
D:4:      layout_loops_corners, mainiacjoe_overflow_alcove_4,
          minmay_temple_entry_grid, uniq_grinder, uniq_natasha
D:5:      layout_basic, serial_curves, eino_curves_03, eino_curves_01
Temple:   nicolae_temple_bog_church

Skill      XL: |  1  2  3  4  5  6  7 |
---------------+----------------------+-----
Dodging        | 3 |  3.6
Fighting       | 4 5 |  5.7
Maces & Flails | 4 5 |  5.1
Armour         | 3 4 |  4.7

Action                     |  1- 3 |  4- 6 |  7- 9 || total
---------------------------+-------+-------+-------++-------
  Melee: Mace              |   100 |    83 |    57 ||   240
  Evoke: Wand              |       |     7 |       ||     7
 Armour: Robe              |    15 |       |       ||    15
         Scale mail        |    49 |    56 |    36 ||   141
  Dodge: Dodged            |    55 |    53 |    25 ||   133

Table legend: (Time is in decaauts)
 A = Elapsed time spent in this place.
 B = Non-inter-level travel time spent in this place.
 C = Inter-level travel time spent in this place.
 D = Time resting spent in this place.
 E = Time spent auto-exploring this place.
 F = Levels seen in this place.
 G = Mean time per level.
                   A        B        C        D        E       F      G
               +--------+--------+--------+--------+--------+-----+--------+
         Total |   3772 |   3711 |     61 |    369 |   2619 |   6 |  628.7 |
       Dungeon |   3722 |   3661 |     61 |    369 |   2619 |   5 |  744.4 |
        Temple |     50 |     50 |      0 |      0 |      0 |   1 |   50.0 |
               +--------+--------+--------+--------+--------+-----+--------+

Top non-repeatable levels by time:
     D:4: 1079 daAuts
     D:1: 940 daAuts
     D:2: 755 daAuts
     D:3: 655 daAuts
     D:5: 291 daAuts
  Temple: 50 daAuts
